 Dungeon Crawl Stone Soup version 0.31-a0-214-gb37851dbb3 (webtiles) character file.

Game seed: 3228173439019442962

46 qw the Shooter (level 3, -9/21 HPs)
             Began as a Gargoyle Hexslinger on July 1, 2023.
             Mangled by Sigmund
             ... wielding a +0 scythe
              (10 damage)
             ... on level 2 of the Dungeon.
             The game lasted 00:00:28 (1608 turns).

qw the Shooter (Gargoyle Hexslinger)                Turns: 1608, Time: 00:00:28

Health: -9/21      AC:  5    Str: 11    XL:     3   Next: 66%
Magic:  4/4        EV: 12    Int: 13    God:
Gold:   57         SH:  0    Dex: 14    Spells: 3/4 levels left

rFire   . . .        Y - +1 sling
rCold   . . .        (no shield)
rNeg    + . .        c - +0 robe
rPois   inf          (no helmet)
rElec   +            (no cloak)
rCorr   .            (no gloves)
SInv    .            (no boots)
Will    .....        (no amulet)
Stlth   +            (no ring)
HPRegen 0.23/turn    (no ring)
MPRegen 0.09/turn

%: no passive effects
@: no status effects
A: sickness immunity, AC +3, negative energy resistance 1, electricity
resistance, torment resistance 1, petrification resistance
a: no special abilities


You were on level 2 of the Dungeon.
You visited 1 branch of the dungeon, and saw 2 of its levels.

You collected 57 gold pieces.


Innate Abilities, Weirdness & Mutations

You are immune to sickness and miasma.
Your stone body is resilient. (AC +3)
You are immune to poison.
You resist negative energy. (rN+)
You are resistant to electric shocks. (rElec)
You are resistant to unholy torment.
You are immune to petrification.


   Skills:
 - Level 2.0 Fighting
 + Level 3.5 Ranged Weapons
 - Level 1.5 Dodging
 - Level 1.0 Spellcasting
 - Level 2.6 Hexes


You had 3 spell levels left.
You knew the following spells:

 Your Spells              Type           Power      Damage    Failure   Level
a - Slow                  Hex            28%        N/A       10%         1

Your spell library contained the following spells:

 Spells                   Type           Power      Damage    Failure   Level
 Inner Flame              Hex/Fire       4%         N/A       43%         3
 Portal Projectile        Hex/Tloc       8%         N/A       43%         3
 Cause Fear               Hex            3%         N/A       67%         4

Inventory:

Hand Weapons
 Y - a +1 sling (weapon)
Armour
 c - a +0 robe (worn)
Jewellery
 a - a ring of positive energy
 e - a ring of fire
Scrolls
 b - a scroll of enchant weapon {unknown}
 d - a scroll of identify
 i - a scroll of enchant armour {unknown}
Potions
 f - 2 potions of curing
 g - a potion of mutation {unknown}
 h - a potion of heal wounds {unknown}

Dungeon Overview and Level Annotations

Branches:
Dungeon (2/15)

Altars:

Annotations:
D:2 Sigmund


Message History

Enter note: You shoot a sling bullet.
The sling bullet barely misses Sigmund.
You shoot a sling bullet.
The sling bullet completely misses Sigmund.
You shoot a sling bullet. The sling bullet hits Sigmund.
Sigmund is lightly wounded.
Sigmund gestures at you while chanting. The puff of flame hits you.
You shoot a sling bullet. The sling bullet hits Sigmund.
Sigmund is lightly wounded.
You shoot a sling bullet.
The sling bullet closely misses Sigmund.
Sigmund closely misses you.
You shoot a sling bullet. The sling bullet barely misses Sigmund.
Sigmund hits you from afar with a +0 scythe.
You shoot a sling bullet. The sling bullet hits Sigmund.
Sigmund is lightly wounded.
You shoot a sling bullet. The sling bullet hits Sigmund.
Sigmund is moderately wounded.
Sigmund hits you but does no damage.
You shoot a sling bullet. The sling bullet hits Sigmund.
Sigmund is moderately wounded.
Sigmund points at you and mumbles some strange words.
The magic dart hits you.
You shoot a sling bullet. The sling bullet barely misses Sigmund.
Sigmund hits you from afar with a +0 scythe.
You shoot a sling bullet. The sling bullet hits Sigmund.
Sigmund is heavily wounded.
Sigmund misses you.
You shoot a sling bullet.
The sling bullet hits Sigmund but does no damage.
Sigmund is heavily wounded.
Sigmund gestures wildly while chanting.
Sigmund flickers and vanishes!
Deactivating autopickup; reactivate with Ctrl-A.
You shoot a sling bullet. Something hits you!
You shoot a sling bullet. Something hits you!
You die...

#........###
#...........
#.........#
#.........#
#.........#####
#..............
#..........#
#.......@.{#
##.####.#.......
#.# #.##.#####
#.# #.. .# #.#
#### # #.# #%#
#.# #.#


There were no monsters in sight!

Vanquished Creatures
  4 dart slugs
  4 endoplasms
  2 giant cockroaches
  3 hobgoblins (D:1)
  4 jackals (D:1)
  3 kobolds (D:1)
  2 quokkas
  7 ball pythons
  2 frilled lizards
  4 rats (D:1)
35 creatures vanquished.

Notes
Turn   | Place    | Note
-------+----------+-------------------------------------------
     0 | D:1      | qw the Gargoyle Hexslinger began the quest for the Orb.
     0 | D:1      | Reached XP level 1. HP: 12/12 MP: 2/2
     0 | D:1      | 0 ||| qw: Version: 0.3-a-32-g5962c71
     0 | D:1      | 0 ||| qw: Game counter: 7428
     0 | D:1      | 0 ||| qw: Melee chars always use a shield: true
     0 | D:1      | 0 ||| qw: God list: Okawaru
     0 | D:1      | 0 ||| qw: Allow faded altars: false
     0 | D:1      | 0 ||| qw: Do Orc after clearing Dungeon:15 true
     0 | D:1      | 0 ||| qw: Do second Lair branch before Depths: true
     0 | D:1      | 0 ||| qw: Lair rune preference: random
     0 | D:1      | 0 ||| qw: Goals: Normal
     0 | D:1      | 0 ||| PLANNING D:1-11
   155 | D:1      | Reached XP level 2. HP: 16/16 MP: 3/3
   321 | D:1      | Reached skill level 3 in Ranged Weapons
   524 | D:1      | Reached XP level 3. HP: 15/21 MP: 4/4
  1033 | D:1      | 1033 ||| READING scroll labelled NETIJAALIPT.
  1134 | D:1      | 1134 ||| READING scroll labelled XEGAZOUPL JAWU.
  1135 | D:1      | 1135 ||| DRINKING 2 bubbling inky potions.
  1159 | D:1      | 1159 ||| DRINKING 3 cyan potions.
  1160 | D:1      | 1160 ||| DROPPING scroll of poison.
  1161 | D:1      | 1161 ||| DROPPING potion of lignification.
  1594 | D:2      | Noticed Sigmund
  1607 | D:2      | HP: 1/21 [something (9)]
  1608 | D:2      | Mangled by Sigmund

Levels and vault maps discovered:
D:1:      heliophobic_arrival_dark_side_of_the_moon, layout_basic
D:2:      layout_basic, basic_ecumenical_altar, chequers_serial_rivers_large_a,
          uniq_sigmund

Skill      XL: |  1  2  3 |
---------------+----------+-----
Ranged Weapons | 3 |  3.5
Fighting       | 2 |  2.0
Dodging        | |  1.5
Spellcasting   | |  1.0
Hexes          | |  2.6

Action                     || total
---------------------------++-------
   Fire: Sling             ||   120
    Use: Scroll            ||     2
         Potion            ||     2
 Armour: Robe              ||    18
  Dodge: Dodged            ||    57

Table legend:
 A = Non-vault XP
 B = Vault XP
 C = Vault XP percentage of total XP
 D = Non-vault monster count
 E = Vault monster count
 F = Vault count percentage of total count
                 A         B        C        D         E       F
            +---------+---------+-------+---------+---------+-------
      Total |      66 |       0 |   0.0 |      35 |       0 |   0.0
            +---------+---------+-------+---------+---------+-------
        D:1 |      50 |       0 |   0.0 |      27 |       0 |   0.0
        D:2 |      16 |       0 |   0.0 |       8 |       0 |   0.0
            +---------+---------+-------+---------+---------+-------
